AoeStats
← felixpouteau920

MegaRandom

508253602Analyzed
2v2 RM · 10d ago on Sep 21, 2026· 53m 23s· 4 players
Game mode
Random Map
Map size
Medium (4 player)
Population
200
Speed
Normal
Resources
Standard
Victory
Conquest
Starting age
Dark Age
Ending age
Imperial Age
RankedLock teamsTeams togetherTeam positionsShared explorationLock speedFull tech treeHidden civsTurbo modeCheats
Victory
Defeat
🇫🇷 Goths · France
919
+14
🇫🇷 Mongols · France
912
+15
🇩🇪 Goths · Germany
905
-15
🇮🇹 Khmer · Italy
863
-14
ivanklaricnejla
0:35 Loom
10:49 Feudal Age
11:20 Double-Bit Axe
11:19 Horse Collar
12:02 Stone Mining
12:03 Gold Mining
23:15 Castle Age
24:24 Bow Saw
24:28 Squires
23:49 Pikeman
24:48 Forging
24:39 Scale Mail Armor
25:26 Heavy Plow
28:56 Anarchy
31:10 Iron Casting
33:12 Wheelbarrow
32:59 Chain Mail Armor
32:35 Fletching
35:37 Bodkin Arrow
36:28 Scale Barding Armor
36:24 Padded Archer Armor
42:08 Imperial Age
42:51 Hand Cart
44:26 Blast Furnace
43:28 Bracer
43:48 Chain Barding Armor
43:55 Conscription
Gireb2611
1:55 Loom
10:47 Feudal Age
12:12 Wheelbarrow
13:52 Double-Bit Axe
14:45 Horse Collar
23:08 Castle Age
22:34 Bloodlines
22:37 Scale Barding Armor
22:28 Gold Mining
22:28 Stone Mining
23:31 Forging
23:12 Fletching
24:33 Heavy Plow
26:12 Bow Saw
27:28 Hand Cart
27:01 Town Watch
27:15 Pikeman
34:16 Gold Shaft Mining
34:16 Stone Shaft Mining
37:16 Coinage
36:47 Caravan
39:23 Imperial Age
37:59 Husbandry
37:19 Light Cavalry
39:02 Fervor
38:47 Herbal Medicine
39:33 Halberdier
41:36 Conscription
41:17 Tusk Swords
40:37 Elite Ballista Elephant
41:24 Capped Ram
42:46 Heavy Scorpion
43:11 Cavalier
oihancout1
11:41 Loom
13:58 Feudal Age
14:24 Double-Bit Axe
14:22 Horse Collar
16:58 Wheelbarrow
19:25 Castle Age
20:30 Bow Saw
22:43 Heavy Plow
22:51 Stone Mining
23:57 Hand Cart
24:24 Gold Mining
29:50 Stone Shaft Mining
31:33 Squires
31:45 Forging
31:36 Scale Mail Armor
31:35 Pikeman
33:16 Anarchy
38:28 Iron Casting
41:26 Imperial Age
42:33 Elite Huskarl
43:31 Perfusion
43:53 Conscription
47:48 Blast Furnace
48:10 Chain Mail Armor
felixpouteau920
10:19 Feudal Age
11:31 Loom
11:53 Double-Bit Axe
12:27 Horse Collar
18:19 Gold Mining
22:28 Castle Age
22:49 Stone Mining
24:32 Bloodlines
24:37 Scale Barding Armor
30:40 Chain Barding Armor
33:29 Gold Shaft Mining
39:40 Stone Shaft Mining
51:04 Heavy Plow
Connection lost

Rejoining the realm…

Still unreachable

The connection could not be restored.

Session expired

The server has moved on; the page needs a fresh start.